[Event "FRA-ch Universities 2019"]
[Site "Paris"]
[Date "2019.02.03"]
[Round "9"]
[White "Brunier, Jules"]
[Black "Dumas, Charles"]
[Result "0-1"]
[ECO "B22"]
[WhiteElo "2015"]
[BlackElo "2218"]
[Annotator "NA"]
[PlyCount "144"]
[EventDate "2019.02.01"]
[EventType "swiss"]
[EventCountry "FRA"]
[SourceTitle "playchess.com"]
[Source "ChessBase"]
[SourceQuality "1"]
[TimeControl "900+5"]

1. e4 c5 2. c3 d5 3. exd5 Qxd5 4. d4 Nc6 5. Nf3 cxd4 6. cxd4 e5 7. Nc3 Bb4 8. Be3 exd4 9. Nxd4 Nf6 10. Nxc6 Qxc6 11. Qb3 Bxc3+ 12. bxc3 O-O 13. Bc4 Bf5 14. O-O Rac8 15. Bb5 Qxc3 16. Qxc3 Rxc3 17. Bxa7 Rc2 18. a4 Rd8 19. Rfe1 Ne4 20. Rad1 Rxd1 21. Rxd1 h6 22. Bd3 Ra2 23. f3 Nc3 24. Rc1 Bxd3 25. Rxc3 Ba6 26. Rc8+ Kh7 27. Rc7 Kg6 28. Rd7 Rxa4 29. Kf2 Ra2+ 30. Kg3 Bf1 31. Bf2 b5 32. Rd1 Bc4 33. Bc5 Rb2 34. Ba3 Rb3 35. Bc5 Be6 36. Rd4 Rc3 37. Be7 Rc7 38. Bb4 Kh7 39. h4 g5 40. hxg5 hxg5 41. f4 g4 42. Rd2 Kg6 43. Bd6 Rc3+ 44. Kf2 g3+ 45. Ke1 Bc4 46. Rb2 Re3+ 47. Kd1 Rd3+ 48. Rd2 Rb3 49. Kc2 Kf5 50. Be5 Ra3 51. Bb2 Ra2 52. Kc3 Kxf4 53. Kd4 Ra7 54. Kc5 Re7 55. Kd6 Re2 56. Bc1 Rxd2+ 57. Bxd2+ Kg4 58. Ke5 f5 59. Bf4 Bf1 60. Bxg3 Kxg3 61. Kxf5 Kxg2 62. Ke4 Bc4 63. Kd4 Kf3 64. Kc3 Ke4 65. Kb4 Kd5 66. Kc3 Kc5 67. Kc2 Kd4 68. Kb2 b4 69. Kb1 Kc3 70. Ka1 b3 71. Kb1 Bd3+ 72. Ka1 b2+ 0-1